 Dungeon Crawl Stone Soup version 0.29.0-4-gdea44cf6ec (webtiles) character file.

Game seed: 12400456966252127649

742 qw the Cleaver (level 7, -7/41 HPs)
             Began as a Tengu Warper on Aug 28, 2022.
             Was a Follower of Okawaru.
             Mangled by an ogre
             ... wielding a +0 giant spiked club
              (19 damage)
             ... on level 5 of the Dungeon.
             The game lasted 00:00:38 (6119 turns).

qw the Cleaver (Tengu Warper)                       Turns: 6119, Time: 00:00:39

Health: -7/41      AC: 13    Str: 13    XL:     7   Next: 76%
Magic:  9/11       EV:  7    Int: 13    God:    Okawaru [*.....]
Gold:   93         SH:  0    Dex: 14    Spells: 10/10 levels left

rFire   + + .      SeeInvis .   Y - +2 war axe
rCold   . . .      Faith    .   (no shield)
rNeg    . . .      Spirit   .   j - +0 plate armour
rPois   .          Reflect  .   (helmet restricted)
rElec   .          Harm     .   (no cloak)
rCorr   .          Rampage  .   (no gloves)
Will    .....                   (boots unavailable)
Stlth   ..........              (no amulet)
HPRegen 0.13/turn               a - ring of protection from fire
MPRegen 0.12/turn               d - ring of protection from fire

@: heroic, flying quickly and evasively, quick
A: beak, talons 3, nimble flight
a: Renounce Religion, Heroism


You were on level 5 of the Dungeon.
You worshipped Okawaru.
Okawaru was aware of your devotion.
You visited 1 branch of the dungeon, and saw 5 of its levels.

You collected 482 gold pieces.
You spent 389 gold pieces at shops.


Innate Abilities, Weirdness & Mutations

You have a beak for a mouth.
You have claws for feet.
Your magical nature lets you fly swiftly and evasively.


   Skills:
 - Level 3.2(8.2) Fighting
 - Level 8.0(13.0) Axes
 + Level 1.0(6.0) Throwing
 - Level 3.0(8.0) Armour
 - Level 2.1(7.1) Dodging
 - Level 2.0 Spellcasting
 - Level 2.4 Translocations
 + Level 1.8 Invocations


You had 10 spell levels left.
You didn't know any spells.
Your spell library contained the following spells:

 Spells                   Type           Power      Damage    Failure   Level
 Blink                    Tloc           14%        N/A       100%        2
 Gell's Gravitas          Tloc           7%         N/A       100%        3
 Lesser Beckoning         Tloc           7%         N/A       100%        3
 Teleport Other           Tloc           7%         N/A       100%        3
 Manifold Assault         Tloc           7%         N/A       100%        5

Inventory:

Hand Weapons
 h - a +0 morningstar
 Y - a +2 war axe (weapon)
Missiles
 n - 4 boomerangs (quivered)
 p - a javelin
Armour
 j - a +0 plate armour (worn)
Jewellery
 a - a ring of protection from fire (left hand)
 d - a ring of protection from fire (right hand)
Scrolls
 k - a scroll of identify
Potions
 c - 8 potions of curing
 g - a potion of heal wounds
 i - 4 potions of haste
 l - a potion of might
 m - a potion of flight {unknown}
 o - a potion of ambrosia {unknown}

Dungeon Overview and Level Annotations

Branches:
Dungeon (5/15)
 Temple: D:4-7

Altars:
Cheibriados
Okawaru
Wu Jian
Yredelemnul
The Shining One

Shops:
D:3 :   D:5 !?*

Annotations:
D:5 3 runed translucent doors, Crazy Yiuf


Message History

There is a stone staircase leading down here.
You start resting.
HP restored.
Done exploring.
6110 ||| READING scroll labelled EQOSTO ITSOI.
As you read the scroll labelled EQOSTO ITSOI, it crumbles to dust.
The air around you briefly surges with heat, but it dissipates.
It was a scroll of immolation.
Done exploring.
6111 ||| READING 3 scrolls of identify.
As you read the scroll of identify, it crumbles to dust.
b - a potion of lignification
6111 ||| IDENTIFYING fuming golden potion Done exploring.
6112 ||| READING 2 scrolls of identify.
As you read the scroll of identify, it crumbles to dust.
f - a potion of brilliance;
6112 ||| IDENTIFYING clear potion Done exploring.
6113 ||| DROPPING potion of lignification.
You drop a potion of lignification.
Done exploring.
6114 ||| DROPPING potion of brilliance.
You drop a potion of brilliance.
Done exploring.
(D) Dungeon
Where to? (* - list waypoints, Enter - D:5, ? - help)
What level of the Dungeon? (default 1, ? - help)
You fly downwards.
Level annotation: 3 runed translucent doors, Crazy Yiuf The ogre hits you with a +0 giant spiked club!!
Ouch! That really hurt!
There is a stone staircase leading up, spattered with blood here.
6117 ||| DRINKING 2 potions of heal wounds.
You feel much better.
6118 ||| INVOKING Heroism.
You gain the combat prowess of a mighty hero.
The ogre hits you with a +0 giant spiked club!!
You slash the ogre! You claw the ogre. Your peck misses the ogre.
The ogre is moderately wounded.
The ogre hits you with a +0 giant spiked club!!
You die...

#........##..##....####### #.#
...####..................####...
#.## #.....###.....)........ ..
..#####..}..###..........###
####..........#.....:...## ##
#..........#.........# .#
#..........#####.###.# .#
#..........#####.###.# .#
#............@##.....# # .#
##########....O..##..## # .#
#.#########..# # .# #.# #..# #
## ### #.## # #O# #### #.# #.O.
### #.# #..#% ..# #.# ##.#.


You could see an ogre.

Vanquished Creatures
  Grinder (D:5)
  An orc warrior (D:5)
  A killer bee (D:5)
  2 orc priests
  2 hounds (D:5)
  A gnoll bouda (D:5)
  An iguana (D:5)
  2 orc wizards
  3 gnolls (D:5)
  4 adders
  6 worms
  3 dart slugs
  20 orcs
  6 ball pythons
  4 endoplasms
  3 giant cockroaches
  9 goblins
  7 hobgoblins
  8 quokkas
  2 bats
  5 frilled lizards
  3 kobolds
  5 rats
  A spectral orc (D:4)
100 creatures vanquished.

Vanquished Creatures (others)
  5 plants (D:2)
5 creatures vanquished.

Grand Total: 105 creatures vanquished

Notes
Turn   | Place    | Note
-------+----------+-------------------------------------------
     0 | D:1      | qw the Tengu Warper began the quest for the Orb.
     0 | D:1      | Reached XP level 1. HP: 12/12 MP: 4/4
     0 | D:1      | 0 ||| qw: Version: 0.1-a-89-g26bdef1
     0 | D:1      | 0 ||| qw: Game counter: 1347
     0 | D:1      | 0 ||| qw: Always use a shield: true
     0 | D:1      | 0 ||| qw: God list: Okawaru
     0 | D:1      | 0 ||| qw: Allow faded altars: false
     0 | D:1      | 0 ||| qw: Do Orc after D:15 true
     0 | D:1      | 0 ||| qw: Do second Lair branch before Depths: true
     0 | D:1      | 0 ||| qw: Lair rune preference: random
     0 | D:1      | 0 ||| qw: Plans: Normal
     0 | D:1      | 0 ||| PLANNING D:1-11
   392 | D:1      | Reached skill level 3 in Axes
   392 | D:1      | Reached XP level 2. HP: 17/17 MP: 6/6
   539 | D:1      | 539 ||| Stepping ~*~*~tactically~*~*~ (hiding).
   656 | D:1      | 656 ||| Stepping ~*~*~tactically~*~*~ (stealth).
   924 | D:1      | 924 ||| UPGRADING to +0 ring mail.
   934 | D:1      | 934 ||| DROPPING +0 leather armour.
   935 | D:1      | 935 ||| DROPPING amulet of magic regeneration.
   936 | D:1      | 936 ||| DROPPING +6 ring of intelligence.
   937 | D:1      | 937 ||| READING scroll labelled DEGGUHIEMAR.
   938 | D:1      | 938 ||| READING scroll labelled NUSTRI MEN FOASKI.
   943 | D:1      | 943 ||| READING scroll labelled NONONOCHEBB.
   944 | D:1      | 944 ||| DROPPING scroll of blinking.
   961 | D:2      | 961 ||| STAIRDANCE
  1026 | D:2      | 1026 ||| Stepping ~*~*~tactically~*~*~ (stealth).
  1038 | D:2      | 1038 ||| FLEEEEING.
  1039 | D:2      | 1039 ||| STAIRDANCE
  1215 | D:2      | Reached XP level 3. HP: 18/21 MP: 7/7
  1411 | D:2      | Reached skill level 4 in Axes
  1503 | D:2      | Identified the +4 whip of Tenacity {pain, rN+ Int+6}
  1505 | D:2      | 1505 ||| DROPPING +4 whip of Tenacity {pain, rN+ Int+6}.
  2187 | D:2      | 2187 ||| DROPPING orb of light.
  2188 | D:2      | 2188 ||| UPGRADING to +0 chain mail.
  2198 | D:2      | 2198 ||| UPGRADING to +0 plate armour.
  2208 | D:2      | 2208 ||| DROPPING +0 chain mail.
  2209 | D:2      | 2209 ||| DROPPING +0 ring mail.
  2210 | D:2      | 2210 ||| DROPPING ring of flight.
  2211 | D:2      | 2211 ||| DRINKING 2 ruby potions.
  2242 | D:3      | Reached XP level 4. HP: 26/26 MP: 8/8
  2384 | D:3      | 2384 ||| Stepping ~*~*~tactically~*~*~ (hiding).
  2385 | D:3      | 2385 ||| Stepping ~*~*~tactically~*~*~ (hiding).
  2399 | D:3      | 2399 ||| Stepping ~*~*~tactically~*~*~ (stealth).
  2406 | D:3      | Reached skill level 5 in Axes
  2406 | D:3      | Gained mutation: Your magical nature lets you fly swiftly
                  | and evasively. [Tengu growth]
  2406 | D:3      | Reached XP level 5. HP: 24/30 MP: 9/9
  2556 | D:3      | 2556 ||| SWAPPING to +0 war axe.
  2557 | D:3      | 2557 ||| DROPPING +0 hand axe.
  2637 | D:3      | 2637 ||| Stepping ~*~*~tactically~*~*~ (stealth).
  2793 | D:3      | Found a snail-covered altar of Cheibriados.
  2971 | D:3      | Found a glowing golden altar of the Shining One.
  2992 | D:3      | 2992 ||| DROPPING +0 whip of draining.
  3169 | D:3      | Found Plog's Book Boutique.
  3351 | D:3      | 3351 ||| DROPPING amulet of faith.
  3352 | D:3      | 3352 ||| UPGRADING to ring of protection from fire.
  3353 | D:3      | 3353 ||| READING 4 scrolls labelled KACRUBL SEIKLE.
  3354 | D:3      | 3354 ||| DRINKING 3 inky potions.
  3355 | D:3      | 3355 ||| READING 3 scrolls of identify.
  3355 | D:3      | 3355 ||| IDENTIFYING bubbling golden potion
  3356 | D:3      | 3356 ||| READING 2 scrolls of identify.
  3356 | D:3      | 3356 ||| IDENTIFYING white potion
  3357 | D:3      | 3357 ||| DROPPING potion of attraction.
  3387 | D:4      | 3387 ||| PLANNING OSSUARY
  3412 | D:4      | Found an ornate altar of the Wu Jian Council.
  3427 | D:4      | 3427 ||| READING scroll of teleportation.
  3498 | D:4      | 3498 ||| Stepping ~*~*~tactically~*~*~ (stealth).
  3502 | D:4      | 3502 ||| Stepping ~*~*~tactically~*~*~ (stealth).
  3520 | D:4      | Reached skill level 6 in Axes
  3520 | D:4      | Reached XP level 6. HP: 32/35 MP: 10/10
  3633 | D:4      | 3633 ||| READING scroll labelled ASOGHYORAST.
  3634 | D:4      | 3634 ||| Stepping randomly (stuck).
  3635 | D:4      | 3635 ||| Stepping randomly (stuck).
  3636 | D:4      | 3636 ||| Stepping randomly (stuck).
  3637 | D:4      | 3637 ||| Stepping randomly (stuck).
  3638 | D:4      | 3638 ||| Stepping randomly (stuck).
  3639 | D:4      | 3639 ||| Stepping randomly (stuck).
  3640 | D:4      | 3640 ||| Stepping randomly (stuck).
  3641 | D:4      | 3641 ||| Stepping randomly (stuck).
  3642 | D:4      | 3642 ||| Stepping randomly (stuck).
  3643 | D:4      | 3643 ||| Stepping randomly (stuck).
  3644 | D:4      | 3644 ||| Stepping randomly (stuck).
  3645 | D:4      | 3645 ||| Stepping randomly (stuck).
  3646 | D:4      | 3646 ||| Stepping randomly (stuck).
  3647 | D:4      | 3647 ||| Stepping randomly (stuck).
  3648 | D:4      | 3648 ||| Stepping randomly (stuck).
  3649 | D:4      | 3649 ||| Stepping randomly (stuck).
  3650 | D:4      | 3650 ||| Stepping randomly (stuck).
  3651 | D:4      | 3651 ||| Stepping randomly (stuck).
  3652 | D:4      | 3652 ||| Stepping randomly (stuck).
  3653 | D:4      | 3653 ||| Stepping randomly (stuck).
  3654 | D:4      | 3654 ||| Stepping randomly (stuck).
  3655 | D:4      | 3655 ||| Stepping randomly (stuck).
  3656 | D:4      | 3656 ||| Stepping randomly (stuck).
  3657 | D:4      | 3657 ||| Stepping randomly (stuck).
  3658 | D:4      | 3658 ||| Stepping randomly (stuck).
  3659 | D:4      | 3659 ||| Stepping randomly (stuck).
  3660 | D:4      | 3660 ||| Stepping randomly (stuck).
  3661 | D:4      | 3661 ||| Stepping randomly (stuck).
  3662 | D:4      | 3662 ||| Stepping randomly (stuck).
  3663 | D:4      | 3663 ||| Stepping randomly (stuck).
  3664 | D:4      | 3664 ||| Stepping randomly (stuck).
  3665 | D:4      | 3665 ||| Stepping randomly (stuck).
  3666 | D:4      | 3666 ||| Stepping randomly (stuck).
  3667 | D:4      | 3667 ||| Stepping randomly (stuck).
  3668 | D:4      | 3668 ||| Stepping randomly (stuck).
  3669 | D:4      | 3669 ||| Stepping randomly (stuck).
  3670 | D:4      | 3670 ||| Stepping randomly (stuck).
  3671 | D:4      | 3671 ||| Stepping randomly (stuck).
  3672 | D:4      | 3672 ||| Stepping randomly (stuck).
  3673 | D:4      | 3673 ||| Stepping randomly (stuck).
  3674 | D:4      | 3674 ||| Stepping randomly (stuck).
  3675 | D:4      | 3675 ||| Stepping randomly (stuck).
  3676 | D:4      | 3676 ||| Stepping randomly (stuck).
  3677 | D:4      | 3677 ||| Stepping randomly (stuck).
  3678 | D:4      | 3678 ||| Stepping randomly (stuck).
  3679 | D:4      | 3679 ||| Stepping randomly (stuck).
  3680 | D:4      | 3680 ||| Stepping randomly (stuck).
  3681 | D:4      | 3681 ||| Stepping randomly (stuck).
  3682 | D:4      | 3682 ||| Stepping randomly (stuck).
  3683 | D:4      | 3683 ||| Stepping randomly (stuck).
  3684 | D:4      | 3684 ||| Stepping randomly (stuck).
  3846 | D:4      | Found an iron altar of Okawaru.
  3880 | D:4      | Became a worshipper of Warmaster Okawaru
  4028 | D:4      | Identified the +0 leather armour of the Journeyman {+Inv
                  | rPois}
  4212 | D:4      | 4212 ||| RIP OSSUARY
  4221 | D:4      | Found a basalt altar of Yredelemnul.
  4222 | D:4      | 4222 ||| PLANNING D:1-11
  4437 | D:4      | 4437 ||| UPGRADING to ring of protection from fire.
  4438 | D:4      | 4438 ||| READING scroll labelled CAFISSI KIUM.
  4439 | D:4      | 4439 ||| READING 2 scrolls of identify.
  4439 | D:4      | 4439 ||| IDENTIFYING bubbling coppery potion
  4440 | D:4      | 4440 ||| DROPPING potion of degeneration.
  4445 | D:5      | Entered Level 5 of the Dungeon
  4597 | D:5      | Noticed Grinder
  4613 | D:5      | Paralysed by Grinder for 5 turns
  4617 | D:5      | HP: 6/35 [Grinder (3)]
  4618 | D:5      | 4618 ||| DRINKING 2 potions of heal wounds.
  4622 | D:5      | 4622 ||| DRINKING potion of heal wounds.
  4623 | D:5      | Killed Grinder
  4623 | D:5      | Reached * piety under Okawaru
  4624 | D:5      | Reached skill level 7 in Axes
  4624 | D:5      | Reached XP level 7. HP: 26/40 MP: 11/11
  4742 | D:5      | 4742 ||| INVOKING Heroism.
  4749 | D:5      | Reached skill level 3 in Armour
  4754 | D:5      | 4754 ||| INVOKING Heroism.
  4773 | D:5      | 4773 ||| FLEEEEING.
  4996 | D:5      | Reached skill level 3 in Fighting
  5015 | D:5      | 5015 ||| Stepping ~*~*~tactically~*~*~ (stealth).
  5016 | D:5      | 5016 ||| Stepping ~*~*~tactically~*~*~ (stealth).
  5017 | D:5      | 5017 ||| Stepping ~*~*~tactically~*~*~ (stealth).
  5022 | D:5      | 5022 ||| Stepping ~*~*~tactically~*~*~ (stealth).
  5025 | D:5      | 5025 ||| Stepping ~*~*~tactically~*~*~ (stealth).
  5069 | D:5      | 5069 ||| INVOKING Heroism.
  5195 | D:5      | 5195 ||| Stepping ~*~*~tactically~*~*~ (stealth).
  5196 | D:5      | 5196 ||| FLEEEEING.
  5199 | D:5      | 5199 ||| INVOKING Heroism.
  5205 | D:5      | Reached skill level 1 in Invocations
  5216 | D:5      | 5216 ||| Stepping ~*~*~tactically~*~*~ (stealth).
  5220 | D:5      | 5220 ||| INVOKING Heroism.
  5388 | D:5      | 5388 ||| DROPPING +0 flail.
  5464 | D:5      | Found a runed translucent door.
  5465 | D:5      | Noticed Crazy Yiuf
  5536 | D:5      | 5536 ||| Stepping ~*~*~tactically~*~*~ (stealth).
  5768 | D:5      | Found Kughy's General Store.
  5770 | D:5      | Found Iffotea's Magic Scroll Shoppe.
  5772 | D:5      | Found Cehau's Distillery.
  5776 | D:5      | 5776 ||| BUYING potion of curing (42 gold).
  5776 | D:5      | Bought a potion of curing for 42 gold pieces
  5776 | D:5      | 5776 ||| BUYING scroll of enchant weapon (105 gold).
  5776 | D:5      | Bought a scroll of enchant weapon for 105 gold pieces
  5776 | D:5      | 5776 ||| BUYING scroll of identify (28 gold).
  5776 | D:5      | Bought a scroll of identify for 28 gold pieces
  5776 | D:5      | 5776 ||| READING scroll of enchant weapon.
  5776 | D:5      | 5776 ||| ENCHANTING +0 war axe.
  5781 | D:5      | 5781 ||| BUYING potion of curing (36 gold).
  5781 | D:5      | Bought a potion of curing for 36 gold pieces
  5781 | D:5      | 5781 ||| BUYING potion of curing (36 gold).
  5781 | D:5      | Bought a potion of curing for 36 gold pieces
  5781 | D:5      | 5781 ||| BUYING potion of heal wounds (60 gold).
  5781 | D:5      | Bought a potion of heal wounds for 60 gold pieces
  5786 | D:5      | 5786 ||| BUYING scroll of enchant weapon (82 gold).
  5786 | D:5      | Bought a scroll of enchant weapon for 82 gold pieces
  5786 | D:5      | 5786 ||| READING scroll of enchant weapon.
  5786 | D:5      | 5786 ||| ENCHANTING +1 war axe.
  5835 | D:5      | Found a large runed translucent door.
  5836 | D:5      | Found a large runed translucent door.
  5850 | D:5      | 5850 ||| Stepping ~*~*~tactically~*~*~ (stealth).
  5851 | D:5      | 5851 ||| Stepping ~*~*~tactically~*~*~ (stealth).
  5860 | D:5      | 5860 ||| INVOKING Heroism.
  5865 | D:5      | Reached skill level 8 in Axes
  5865 | D:5      | HP: 10/41 [poisoned by a killer bee]
  5884 | D:5      | 5884 ||| FLEEEEING.
  5886 | D:5      | 5886 ||| FLEEEEING.
  5900 | D:5      | 5900 ||| FLEEEEING.
  5902 | D:5      | 5902 ||| FLEEEEING.
  5903 | D:5      | 5903 ||| FLEEEEING.
  5904 | D:5      | 5904 ||| FLEEEEING.
  5905 | D:5      | 5905 ||| FLEEEEING.
  5906 | D:5      | 5906 ||| FLEEEEING.
  5907 | D:5      | 5907 ||| FLEEEEING.
  5913 | D:5      | 5913 ||| STAIRDANCE
  6110 | D:4      | 6110 ||| READING scroll labelled EQOSTO ITSOI.
  6111 | D:4      | 6111 ||| READING 3 scrolls of identify.
  6111 | D:4      | 6111 ||| IDENTIFYING fuming golden potion
  6112 | D:4      | 6112 ||| READING 2 scrolls of identify.
  6112 | D:4      | 6112 ||| IDENTIFYING clear potion
  6113 | D:4      | 6113 ||| DROPPING potion of lignification.
  6114 | D:4      | 6114 ||| DROPPING potion of brilliance.
  6116 | D:5      | HP: 10/41 [ogre/+0 giant spiked club (31)]
  6117 | D:5      | 6117 ||| DRINKING 2 potions of heal wounds.
  6118 | D:5      | 6118 ||| INVOKING Heroism.
  6119 | D:5      | Mangled by an ogre

Levels and vault maps discovered:
D:1:      lightli_arrival_statue_moat, layout_loops_ring
D:2:      layout_rooms, serial_forest, infiniplex_forest_clump_curved,
          infiniplex_forest_straight_5, infiniplex_forest_clump_tiny,
          infiniplex_forest_clump_small, infiniplex_forest_zigzag_1,
          infiniplex_forest_join, infiniplex_forest_clump_tiny,
          hangedman_abyss_or_decor_lesser_grid
D:3:      layout_basic, tso_oasis_becter, slow_altar_2, serial_shops, shop,
          minmay_misc_feat_more_columns
D:4:      layout_gridville, yredelemnul_forgotten_temple_becter,
          kennysheep_okawaru_gauntlet, amcnicky_altar_gilded, enter_ossuary_2
D:5:      layout_basic, hangedman_abyss_or_decor_stabs,
          minmay_misc_feat_nine_boxes, hangedman_decor_points, minivault_1,
          nicolae_wooded_promenade, dreamdust_wishing_well,
          mrwooster_statue_mirror, st_stairs_10, minmay_hollow_rounded_squares,
          uniq_crazy_yiuf_cottage, uniq_grinder

Skill      XL: |  1  2  3  4  5  6  7 |
---------------+----------------------+-----
Axes           | 3 4 5 6 7 8 |  8.0
Armour         | 2 3 |  3.0
Fighting       | 3 |  3.2
Invocations    | 1 |  1.8
Throwing       | |  1.0
Dodging        | |  2.1
Spellcasting   | |  2.0
Translocations | |  2.4

Action                   |  1- 3 |  4- 6 |  7- 9 || total
-------------------------+-------+-------+-------++-------
Melee: Hand axe          |    62 |    35 |       ||    97
       Kick              |    16 |    26 |    18 ||    60
       Peck              |     6 |    11 |     7 ||    24
       War axe           |       |    78 |    51 ||   129
       Punch             |       |     1 |       ||     1
Throw: Boomerang         |    19 |    12 |     7 ||    38
       Javelin           |    35 |    28 |     3 ||    66
Invok: Heroism           |       |       |     7 ||     7
  Use: Scroll            |     3 |     7 |     5 ||    15
       Potion            |     1 |     3 |     1 ||     5
Armor: Leather armour    |     5 |       |       ||     5
       Ring mail         |     7 |       |       ||     7
       Plate armour      |       |    60 |    25 ||    85
Dodge: Dodged            |    25 |    20 |    16 ||    61

Table legend:
 A = Non-vault XP
 B = Vault XP
 C = Vault XP percentage of total XP
 D = Non-vault monster count
 E = Vault monster count
 F = Vault count percentage of total count
                 A         B        C        D         E       F
            +---------+---------+-------+---------+---------+-------
      Total |     636 |     425 |  40.1 |      91 |       9 |   9.0
            +---------+---------+-------+---------+---------+-------
        D:1 |      24 |       0 |   0.0 |      14 |       0 |   0.0
        D:2 |      57 |       0 |   0.0 |      20 |       0 |   0.0
        D:3 |     154 |       5 |   3.1 |      24 |       1 |   4.0
        D:4 |     106 |       4 |   3.6 |      16 |       3 |  15.8
        D:5 |     295 |     416 |  58.5 |      17 |       5 |  22.7
            +---------+---------+-------+---------+---------+-------
